Login

Shitbirds vs Mongoloids

Created - April 28, 2024 at 11:55

Goals
1 2 3 OT1 SO T
Shitbirds 3 1 0 0 3 5
Mongoloids 3 0 1 0 1 4
Shots
1 2 3 OT1 SO T
Shitbirds 11 11 13 4 3 39
Mongoloids 11 12 8 4 2 35

GoalsPenalties
1st period
1. Shitbirds , Logan Couture 15 (Hampus Lindholm 24, Victor Hedman 34) at 1:02
2. Shitbirds , Jason Robertson 25 (Roope Hintz 32) at 3:16
3. Shitbirds , Jason Robertson 26 (Charlie McAvoy 35, Roope Hintz 33) at 7:32
4. Mongoloids , Evgeni Malkin 18 (Michael Matheson 37) at 8:01
5. Mongoloids , Jonathan Marchessault 18 (Drake Batherson 21, Ondrej Palat 8) at 17:54
6. Mongoloids , Jonathan Marchessault 19 (Andreas Englund 3, Drake Batherson 22) at 19:01
Ryan Lindgren (ULA) for Interference (Minor) at 19:25
2nd period
7. Shitbirds , Dylan Larkin 33 (Charlie McAvoy 36, Victor Hedman 35) at 0:16 (PP)
Buck Phucksalot (BEL) for Goalie Interference (Minor) at 17:54
3rd period
8. Mongoloids , Evgeni Malkin 19 (Ryan Lindgren 10, Markus Niemelainen 2) at 2:02
Andreas Englund (ULA) for Tripping (Minor) at 4:26
Mason McTavish (ULA) for High sticking (Minor) at 17:11
Overtime #1
No Goal
Shootout
Shitbirds, Kirill Kaprizov - Goal!
Mongoloids, John Tavares - Goal!
Shitbirds, Jason Robertson - Goal!
Mongoloids, Drake Batherson - Stopped by Igor Shesterkin
Shitbirds, Dylan Larkin - Goal!
Goalie Stats
Igor Shesterkin (BEL), 31 saves from 35 shots - (0.886), W, 33-28-5, 65:00 minutes
Thatcher Demko (ULA), 35 saves from 39 shots - (0.897), OTL, 14-26-12, 65:00 minutes
3 StarsOfficial
1 - Jason Robertson (BEL)
2 - Jonathan Marchessault (ULA)
3 - Evgeni Malkin (ULA)
Referees : Unknown
Linesman : Unknown
Game Note
No Game Note
Finance
Level 1 -- Attendance: 4613 (76.88%) -- Ticket Income $461,300
Level 2 -- Attendance: 3598 (71.96%) -- Ticket Income $215,880
Level 3 -- Attendance: 1669 (83.45%) -- Ticket Income $58,415
Level 4 -- Attendance: 3242 (81.05%) -- Ticket Income $81,050
Luxury Box -- Attendance: 1000 (100.00%) -- Ticket Income $200,000
Game was played at the The Yurt.
Total Attendance: 14122 (78.46%)
Total Ticket Income: $1,016,645
Other Income: $406,658
Total Income: $1,423,303



Team Name Goals Shots Shots Attemp Shots Blocked PIM HIT PP PK FO%
Shitbirds 5396862121 / 3 (33%)051%
Mongoloids 4356686210 / 1 (0%)149%

Shitbirds
Player Name POS G A P +/- PIM HIT SHT SB MP PP MP PP SHT PK MP PK SHT FO% FOT
Buck PhucksalotD000-2200115:280:0000:0000% 0
Charlie McAvoyD0221033030:262:4531:1800% 0
Cole PerfettiC/LW000000000:000:0000:0000% 0
Dylan LarkinC101-1024123:332:2610:41055% 38
Filip ZadinaLW/RW000000000:000:0000:0000% 0
Hampus LindholmD011-2010016:232:1800:0000% 0
Jason RobertsonLW2022015123:542:2301:1800% 1
Kaiden GuhleD0000000114:101:4300:4100% 0
Kirill KaprizovLW/RW000-1017024:422:2611:18030% 10
Logan CoutureC101-2012017:200:0000:00054% 13
Matthew BoldyLW/RW0002012019:562:2300:00050% 2
Oliver BjorkstrandLW/RW000-2015017:200:0000:0000% 1
Roope HintzC/LW0222003022:302:2300:41062% 21
Ryan McLeodLW/RW000000000:000:0000:0000% 0
Seth JarvisC/RW000-2010017:200:0000:0000% 1
Troy TerryC/RW000-1006021:262:2610:00033% 3
Victor HedmanD022-1002030:012:5210:4200% 0
Vladislav GavrikovD0002000218:310:0001:1700% 0
Mongoloids
Player Name POS G A P +/- PIM HIT SHT SB MP PP MP PP SHT PK MP PK SHT FO% FOT
Adam BoqvistD000-1000115:100:0000:5500% 0
Andreas EnglundD0110232118:180:4211:5000% 0
Austin WatsonLW/RW000-1001017:180:4200:0000% 2
Cal ClutterbuckRW000-100000:540:0000:0000% 0
David PerronLW/RW000-1011020:520:4201:4900% 1
Dillon DubeC/RW0000031015:440:0000:00025% 12
Drake BathersonLW/RW0222028021:291:1703:0000% 2
Evgeni MalkinC2021012020:590:0000:00067% 9
John TavaresC/LW0001025027:251:1713:00067% 36
Jonathan MarchessaultLW/RW2022005019:311:1701:49020% 5
Markus NiemelainenD0111021418:270:0001:1500% 0
Mason MarchmentLW/RW000001106:490:0000:0000% 0
Mason McTavishC/LW000-1212017:170:4210:00050% 20
Michael MathesonD0110022228:481:1713:0300% 0
Ondrej PalatLW0111001016:520:0000:0000% 3
Rasmus AnderssonD0000012020:521:4512:3500% 0
Ryan LindgrenD0111211015:480:1410:0000% 0
Tyrian LannisterD000101007:350:0000:0000% 0

Shitbirds

5 vs 5 Forward
Line #Left WingCenterRight WingPHYDFOFWanted %Time %Time Play
1Kirill KaprizovDylan LarkinTroy Terry1223028%14:40
2Jason RobertsonRoope HintzMatthew Boldy1223033%17:33
3Oliver BjorkstrandLogan CoutureSeth Jarvis1222833%17:20
4Kirill KaprizovDylan LarkinTroy Terry122127%3:39
5 vs 5 Defense
Line #DefenseDefensePHYDFOFWanted %Time %Time Play
1Buck PhucksalotVictor Hedman1223029%15:29
2Vladislav GavrikovCharlie McAvoy1223028%14:49
3Hampus LindholmVictor Hedman1222823%12:27
4Kaiden GuhleCharlie McAvoy1221220%10:27
Power Play Forward
Line #Left WingCenterRight WingPHYDFOFWanted %Time %Time Play
1Kirill KaprizovDylan LarkinTroy Terry1225551%2:26
2Jason RobertsonRoope HintzMatthew Boldy1224549%2:23
Power Play Defense
Line #DefenseDefensePHYDFOFWanted %Time %Time Play
1Charlie McAvoyVictor Hedman1225560%2:52
2Hampus LindholmCharlie McAvoy1224540%1:57
Penalty Kill 4 Players Forward
Line #CenterWingPHYDFOFWanted %Time %Time Play
1Kirill KaprizovJason Robertson1225566%1:18
2Dylan LarkinRoope Hintz1224534%0:41
Penalty Kill 4 Players Defense
Line #DefenseDefensePHYDFOFWanted %Time %Time Play
1Charlie McAvoyVictor Hedman1225535%0:42
2Vladislav GavrikovCharlie McAvoy1224565%1:17
Penalty Kill 3 Players
Line #WingPHYDFOFWanted %Time %Time PlayDefenseDefensePHYDFOFWanted %Time %Time Play
1Dylan Larkin122550%0:00 Vladislav GavrikovVictor Hedman122550%0:00
2Jason Robertson122450%0:00 Vladislav GavrikovCharlie McAvoy122450%0:00
4 vs 4 Forward
Line #CenterWingPHYDFOFWanted %Time %Time Play
1Kirill KaprizovJason Robertson122550%0:00
2Dylan LarkinRoope Hintz122450%0:00
4 vs 4 Defense
Line #DefensePHYDFOFWanted %Time %Time Play
1Charlie McAvoyVictor Hedman122550%0:00
2Hampus LindholmCharlie McAvoy122450%0:00
Last Minutes Offensive
Left WingCenterRight WingDefenseDefense
Kirill KaprizovDylan LarkinTroy TerryBuck PhucksalotVictor Hedman
Last Minutes Defensive
Left WingCenterRight WingDefenseDefense
Kirill KaprizovRoope HintzTroy TerryBuck PhucksalotVictor Hedman
Time
Total ForwardTotal DefenseLast Minutes OffensiveLast Minutes Defensive
60:00 60:00 0:000:00
Extra Forwards
Normal PowerPlayPenalty Kill
Logan Couture, Oliver Bjorkstrand, Cole PerfettiLogan Couture, Oliver BjorkstrandCole Perfetti
Extra Defensemen
Normal PowerPlayPenalty Kill
Hampus Lindholm, Charlie McAvoy, Vladislav GavrikovHampus Lindholm, Charlie McAvoyVladislav Gavrikov
Penalty Shots
Kirill Kaprizov, Jason Robertson, Dylan Larkin, Roope Hintz, Troy Terry
Goalie
Igor Shesterkin, Karel Vejmelka
Custom OT Lines Forwards
Kirill Kaprizov, Jason Robertson, Dylan Larkin, Roope Hintz, Troy Terry, Matthew Boldy, Logan Couture, Oliver Bjorkstrand, Cole Perfetti, Seth Jarvis
Custom OT Lines Defensemen
Charlie McAvoy, Victor Hedman, Vladislav Gavrikov, Kaiden Guhle, Hampus Lindholm
Scratches
Anthony Stolarz (Healthy)

Mongoloids

5 vs 5 Forward
Line #Left WingCenterRight WingPHYDFOFWanted %Time %Time Play
1Drake BathersonJohn TavaresJonathan Marchessault1223027%14:34
2David PerronMason McTavishAustin Watson1222830%16:05
3Ondrej PalatDillon DubeEvgeni Malkin1222630%15:44
4Mason MarchmentEvgeni MalkinJohn Tavares1221613%6:49
5 vs 5 Defense
Line #DefenseDefensePHYDFOFWanted %Time %Time Play
1Michael MathesonAdam Boqvist1223027%14:15
2Rasmus AnderssonAndreas Englund1222830%15:47
3Ryan LindgrenMarkus Niemelainen1222629%15:35
4Tyrian LannisterMichael Matheson1221614%7:35
Power Play Forward
Line #Left WingCenterRight WingPHYDFOFWanted %Time %Time Play
1Drake BathersonJohn TavaresJonathan Marchessault1225565%1:17
2David PerronMason McTavishAustin Watson1224535%0:42
Power Play Defense
Line #DefenseDefensePHYDFOFWanted %Time %Time Play
1Michael MathesonRasmus Andersson1225565%1:17
2Rasmus AnderssonAndreas Englund1224535%0:42
Penalty Kill 4 Players Forward
Line #CenterWingPHYDFOFWanted %Time %Time Play
1John TavaresDrake Batherson1225562%3:00
2Jonathan MarchessaultDavid Perron1224538%1:49
Penalty Kill 4 Players Defense
Line #DefenseDefensePHYDFOFWanted %Time %Time Play
1Michael MathesonAndreas Englund1225546%2:14
2Rasmus AnderssonAndreas Englund1224554%2:35
Penalty Kill 3 Players
Line #WingPHYDFOFWanted %Time %Time PlayDefenseDefensePHYDFOFWanted %Time %Time Play
1John Tavares122550%0:00 Michael MathesonAndreas Englund122550%0:00
2Drake Batherson122450%0:00 Rasmus AnderssonAndreas Englund122450%0:00
4 vs 4 Forward
Line #CenterWingPHYDFOFWanted %Time %Time Play
1John TavaresDrake Batherson122550%0:00
2Jonathan MarchessaultDavid Perron122450%0:00
4 vs 4 Defense
Line #DefensePHYDFOFWanted %Time %Time Play
1Michael MathesonRasmus Andersson122550%0:00
2Rasmus AnderssonAndreas Englund122450%0:00
Last Minutes Offensive
Left WingCenterRight WingDefenseDefense
Drake BathersonJohn TavaresJonathan MarchessaultMichael MathesonAdam Boqvist
Last Minutes Defensive
Left WingCenterRight WingDefenseDefense
Drake BathersonJohn TavaresJonathan MarchessaultMichael MathesonAdam Boqvist
Time
Total ForwardTotal DefenseLast Minutes OffensiveLast Minutes Defensive
60:00 60:00 0:000:00
Extra Forwards
Normal PowerPlayPenalty Kill
John Tavares, Ondrej Palat, Dillon DubeJohn Tavares, Ondrej PalatDillon Dube
Extra Defensemen
Normal PowerPlayPenalty Kill
Ryan Lindgren, Markus Niemelainen, Michael MathesonRyan Lindgren, Markus NiemelainenMichael Matheson
Penalty Shots
John Tavares, Drake Batherson, Jonathan Marchessault, David Perron, Austin Watson
Goalie
Thatcher Demko, Jaroslav Halak
Custom OT Lines Forwards
John Tavares, Drake Batherson, Jonathan Marchessault, David Perron, Austin Watson, Mason McTavish, Evgeni Malkin, Ondrej Palat, Dillon Dube, Mason Marchment
Custom OT Lines Defensemen
Michael Matheson, Markus Niemelainen, Rasmus Andersson, Andreas Englund, Ryan Lindgren
Scratches
Mattias Ekholm (Healthy), Yegor Sharangovich (Healthy)


Play-by-Play

1st period


0:01 of 1st period - Dylan Larkin wins face-off versus John Tavares in neutral zone.
0:24 of 1st period - Dylan Larkin is hit by Michael Matheson.
0:26 of 1st period - Shot by Troy Terry.
0:26 of 1st period - Stopped by Thatcher Demko without a rebound.
0:27 of 1st period - Roope Hintz wins face-off versus Mason McTavish in Mongoloids zone.
0:27 of 1st period - Roope Hintz is hit by Andreas Englund.
0:50 of 1st period - Off-side.
0:51 of 1st period - Logan Couture wins face-off versus Dillon Dube in neutral zone.
0:56 of 1st period - Shot by Logan Couture.
0:56 of 1st period - Shot Misses the Net.
1:02 of 1st period - Shot by Logan Couture.
1:02 of 1st period - Goal by Logan Couture - Shitbirds : 1 - Mongoloids : 0.
1:03 of 1st period - Dylan Larkin wins face-off versus Evgeni Malkin in neutral zone.
1:19 of 1st period - John Tavares is hit by Charlie McAvoy and loses puck.
1:37 of 1st period - Shot by Evgeni Malkin.
1:37 of 1st period - Shot Blocked by Dylan Larkin.
1:39 of 1st period - Shot by Mason Marchment.
1:39 of 1st period - Stopped by Igor Shesterkin with a rebound.
2:32 of 1st period - Mason McTavish is hit by Hampus Lindholm and loses puck.
2:41 of 1st period - Shot by David Perron.
2:41 of 1st period - Shot Misses the Net.
3:06 of 1st period - Icing by Andreas Englund.
3:07 of 1st period - Roope Hintz wins face-off versus Dillon Dube in Mongoloids zone.
3:16 of 1st period - Shot by Jason Robertson.
3:16 of 1st period - Goal by Jason Robertson - Shitbirds : 2 - Mongoloids : 0.
3:17 of 1st period - Dylan Larkin wins face-off versus John Tavares in neutral zone.
4:41 of 1st period - Off-side.
4:42 of 1st period - Logan Couture wins face-off versus Mason McTavish in neutral zone.
4:47 of 1st period - Shot by Logan Couture.
4:47 of 1st period - Deflect By Oliver Bjorkstrand.
4:47 of 1st period - Stopped by Thatcher Demko with a rebound.
5:40 of 1st period - Buck Phucksalot is hit by Drake Batherson and loses puck.
5:57 of 1st period - Shot by John Tavares.
5:57 of 1st period - Shot Misses the Net.
5:59 of 1st period - Shot by John Tavares.
5:59 of 1st period - Stopped by Igor Shesterkin with a rebound.
6:01 of 1st period - Shot by Jonathan Marchessault.
6:01 of 1st period - Stopped by Igor Shesterkin without a rebound.
6:02 of 1st period - Dylan Larkin wins face-off versus Dillon Dube in Shitbirds zone.
6:52 of 1st period - Icing by Dylan Larkin.
6:53 of 1st period - Dylan Larkin wins face-off versus Austin Watson in Shitbirds zone.
7:28 of 1st period - Shot by Roope Hintz.
7:28 of 1st period - Shot Blocked by Michael Matheson.
7:30 of 1st period - Shot by Charlie McAvoy.
7:30 of 1st period - Deflect By Jason Robertson.
7:30 of 1st period - Shot Misses the Net.
7:32 of 1st period - Shot by Jason Robertson.
7:32 of 1st period - Goal by Jason Robertson - Shitbirds : 3 - Mongoloids : 0.
7:33 of 1st period - John Tavares wins face-off versus Logan Couture in neutral zone.
7:36 of 1st period - Shot by John Tavares.
7:36 of 1st period - Stopped by Igor Shesterkin without a rebound.
7:37 of 1st period - John Tavares wins face-off versus Logan Couture in Shitbirds zone.
7:53 of 1st period - Icing by Hampus Lindholm.
7:54 of 1st period - Logan Couture wins face-off versus Dillon Dube in Shitbirds zone.
8:01 of 1st period - Shot by Evgeni Malkin.
8:01 of 1st period - Goal by Evgeni Malkin - Shitbirds : 3 - Mongoloids : 1.
8:02 of 1st period - Roope Hintz wins face-off versus Evgeni Malkin in neutral zone.
8:23 of 1st period - Shot by Roope Hintz.
8:23 of 1st period - Stopped by Thatcher Demko without a rebound.
8:24 of 1st period - Dylan Larkin wins face-off versus David Perron in Mongoloids zone.
8:36 of 1st period - Shot by Kirill Kaprizov.
8:36 of 1st period - Deflect By Dylan Larkin.
8:36 of 1st period - Stopped by Thatcher Demko without a rebound.
8:37 of 1st period - John Tavares wins face-off versus Roope Hintz in Mongoloids zone.
9:00 of 1st period - Shot by Drake Batherson.
9:00 of 1st period - Deflect By Jonathan Marchessault.
9:00 of 1st period - Stopped by Igor Shesterkin without a rebound.
9:01 of 1st period - Dillon Dube wins face-off versus Dylan Larkin in Shitbirds zone.
9:01 of 1st period - Dillon Dube is hit by Charlie McAvoy.
9:16 of 1st period - Icing by Michael Matheson.
9:17 of 1st period - Logan Couture wins face-off versus Dillon Dube in Mongoloids zone.
9:46 of 1st period - Shot by Ondrej Palat.
9:46 of 1st period - Stopped by Igor Shesterkin without a rebound.
9:47 of 1st period - Dylan Larkin wins face-off versus John Tavares in Shitbirds zone.
9:49 of 1st period - Kirill Kaprizov is hit by Drake Batherson and loses puck.
10:08 of 1st period - Ryan Lindgren is hit by Dylan Larkin and loses puck.
10:15 of 1st period - Shot by Dylan Larkin.
10:15 of 1st period - Shot Misses the Net.
10:17 of 1st period - Shot by Kirill Kaprizov.
10:17 of 1st period - Shot Misses the Net.
10:19 of 1st period - Shot by Kirill Kaprizov.
10:19 of 1st period - Shot Misses the Net.
10:37 of 1st period - Icing by John Tavares.
10:38 of 1st period - John Tavares wins face-off versus Roope Hintz in Mongoloids zone.
10:38 of 1st period - John Tavares is hit by Matthew Boldy.
12:42 of 1st period - Shot by Drake Batherson.
12:42 of 1st period - Stopped by Igor Shesterkin without a rebound.
12:43 of 1st period - Dylan Larkin wins face-off versus Austin Watson in Shitbirds zone.
12:43 of 1st period - Dylan Larkin is hit by David Perron.
12:46 of 1st period - Kirill Kaprizov is hit by Mason McTavish and loses puck.
13:05 of 1st period - Shot by Dylan Larkin.
13:05 of 1st period - Shot Misses the Net.
13:07 of 1st period - Shot by Kirill Kaprizov.
13:07 of 1st period - Stopped by Thatcher Demko without a rebound.
13:08 of 1st period - Evgeni Malkin wins face-off versus Seth Jarvis in Mongoloids zone.
13:08 of 1st period - Evgeni Malkin is hit by Logan Couture.
14:44 of 1st period - Dillon Dube is hit by Kirill Kaprizov and loses puck.
14:49 of 1st period - Shot by Kirill Kaprizov.
14:49 of 1st period - Deflect By Dylan Larkin.
14:49 of 1st period - Shot Blocked by Markus Niemelainen.
15:07 of 1st period - Shot by Troy Terry.
15:07 of 1st period - Stopped by Thatcher Demko without a rebound.
15:08 of 1st period - Roope Hintz wins face-off versus John Tavares in Mongoloids zone.
15:08 of 1st period - Roope Hintz is hit by Tyrian Lannister.
15:20 of 1st period - Shot by Jason Robertson.
15:20 of 1st period - Shot Blocked by Michael Matheson.
15:22 of 1st period - Shot by Jason Robertson.
15:22 of 1st period - Shot Misses the Net.
15:32 of 1st period - Shot by Jason Robertson.
15:32 of 1st period - Stopped by Thatcher Demko without a rebound.
15:33 of 1st period - Mason McTavish wins face-off versus Dylan Larkin in Mongoloids zone.
15:47 of 1st period - Icing by Rasmus Andersson.
15:48 of 1st period - Roope Hintz wins face-off versus Mason McTavish in Mongoloids zone.
16:22 of 1st period - Shot by Matthew Boldy.
16:22 of 1st period - Shot Misses the Net.
17:54 of 1st period - Shot by Jonathan Marchessault.
17:54 of 1st period - Goal by Jonathan Marchessault - Shitbirds : 3 - Mongoloids : 2.
17:55 of 1st period - Logan Couture wins face-off versus Ondrej Palat in neutral zone.
18:55 of 1st period - Shot by Drake Batherson.
18:55 of 1st period - Stopped by Igor Shesterkin with a rebound.
19:01 of 1st period - Shot by Jonathan Marchessault.
19:01 of 1st period - Goal by Jonathan Marchessault - Shitbirds : 3 - Mongoloids : 3.
19:02 of 1st period - Dylan Larkin wins face-off versus Mason McTavish in neutral zone.
19:25 of 1st period - Minor Penalty to Ryan Lindgren for Interference.
19:26 of 1st period - John Tavares wins face-off versus Roope Hintz in Mongoloids zone.
19:50 of 1st period - Shot by Charlie McAvoy.
19:50 of 1st period - Stopped by Thatcher Demko without a rebound.
19:51 of 1st period - John Tavares wins face-off versus Dylan Larkin in Mongoloids zone.
Goals for this period are 3 for Shitbirds vs 3 for Mongoloids.
Shots for this period are 11 for Shitbirds vs 11 for Mongoloids.

2nd period


0:01 of 2nd period - Dylan Larkin wins face-off versus John Tavares in neutral zone.
0:06 of 2nd period - Shot by Troy Terry.
0:06 of 2nd period - Shot Blocked by Andreas Englund.
0:10 of 2nd period - Shot by Charlie McAvoy.
0:10 of 2nd period - Shot Misses the Net.
0:14 of 2nd period - Shot by Dylan Larkin.
0:14 of 2nd period - Shot Misses the Net.
0:16 of 2nd period - Shot by Dylan Larkin.
0:16 of 2nd period - Goal by Dylan Larkin - Shitbirds : 4 - Mongoloids : 3.
0:17 of 2nd period - Dillon Dube wins face-off versus Matthew Boldy in neutral zone.
0:38 of 2nd period - Shot by Dillon Dube.
0:38 of 2nd period - Shot Hit the Post.
1:14 of 2nd period - Shot by John Tavares.
1:14 of 2nd period - Stopped by Igor Shesterkin with a rebound.
1:16 of 2nd period - Shot by Michael Matheson.
1:16 of 2nd period - Stopped by Igor Shesterkin without a rebound.
1:17 of 2nd period - Dylan Larkin wins face-off versus Mason McTavish in Shitbirds zone.
1:32 of 2nd period - Shot by Kirill Kaprizov.
1:32 of 2nd period - Stopped by Thatcher Demko without a rebound.
1:33 of 2nd period - John Tavares wins face-off versus Logan Couture in Mongoloids zone.
1:59 of 2nd period - Icing by Adam Boqvist.
2:00 of 2nd period - Dylan Larkin wins face-off versus John Tavares in Mongoloids zone.
3:19 of 2nd period - Shot by Dillon Dube.
3:19 of 2nd period - Stopped by Igor Shesterkin with a rebound.
3:21 of 2nd period - Shot by Rasmus Andersson.
3:21 of 2nd period - Shot Misses the Net.
3:23 of 2nd period - Shot by Andreas Englund.
3:23 of 2nd period - Stopped by Igor Shesterkin without a rebound.
3:24 of 2nd period - Mason McTavish wins face-off versus Logan Couture in Shitbirds zone.
3:29 of 2nd period - Shot by Mason McTavish.
3:29 of 2nd period - Shot Misses the Net.
4:56 of 2nd period - Hampus Lindholm is hit by Dillon Dube and loses puck.
5:07 of 2nd period - Hampus Lindholm is hit by Andreas Englund and loses puck.
6:04 of 2nd period - Shot by Jonathan Marchessault.
6:04 of 2nd period - Shot Misses the Net.
6:07 of 2nd period - Icing by Buck Phucksalot.
6:08 of 2nd period - Evgeni Malkin wins face-off versus Logan Couture in Shitbirds zone.
6:54 of 2nd period - Buck Phucksalot is hit by Dillon Dube and loses puck.
7:21 of 2nd period - Shot by Roope Hintz.
7:21 of 2nd period - Stopped by Thatcher Demko without a rebound.
7:22 of 2nd period - John Tavares wins face-off versus Dylan Larkin in Mongoloids zone.
7:51 of 2nd period - Shot by Jonathan Marchessault.
7:51 of 2nd period - Shot Misses the Net.
8:10 of 2nd period - Off-side.
8:11 of 2nd period - Dillon Dube wins face-off versus Roope Hintz in neutral zone.
8:16 of 2nd period - Victor Hedman is hit by Dillon Dube and loses puck.
8:35 of 2nd period - Icing by Hampus Lindholm.
8:36 of 2nd period - Mason McTavish wins face-off versus Roope Hintz in Shitbirds zone.
8:49 of 2nd period - Shot by Jason Robertson.
8:49 of 2nd period - Shot Misses the Net.
8:51 of 2nd period - Shot by Hampus Lindholm.
8:51 of 2nd period - Shot Misses the Net.
9:18 of 2nd period - Off-side.
9:19 of 2nd period - Evgeni Malkin wins face-off versus Dylan Larkin in neutral zone.
9:27 of 2nd period - Off-side.
9:28 of 2nd period - Dylan Larkin wins face-off versus Dillon Dube in neutral zone.
9:31 of 2nd period - Shot by Troy Terry.
9:31 of 2nd period - Stopped by Thatcher Demko without a rebound.
9:32 of 2nd period - Dylan Larkin wins face-off versus Evgeni Malkin in Mongoloids zone.
9:45 of 2nd period - Shot by Mason Marchment.
9:45 of 2nd period - Shot Misses the Net.
10:07 of 2nd period - Troy Terry is hit by John Tavares and loses puck.
10:36 of 2nd period - Shot by Oliver Bjorkstrand.
10:36 of 2nd period - Stopped by Thatcher Demko without a rebound.
10:37 of 2nd period - Roope Hintz wins face-off versus Dillon Dube in Mongoloids zone.
11:07 of 2nd period - Matthew Boldy is hit by Ryan Lindgren and loses puck.
12:52 of 2nd period - Michael Matheson is hit by Oliver Bjorkstrand and loses puck.
13:28 of 2nd period - Off-side.
13:29 of 2nd period - Dylan Larkin wins face-off versus Ondrej Palat in neutral zone.
13:33 of 2nd period - Kirill Kaprizov is hit by Markus Niemelainen and loses puck.
13:58 of 2nd period - Shot by Kirill Kaprizov.
13:58 of 2nd period - Stopped by Thatcher Demko without a rebound.
13:59 of 2nd period - Roope Hintz wins face-off versus Mason McTavish in Mongoloids zone.
14:04 of 2nd period - Shot by Jason Robertson.
14:04 of 2nd period - Shot Misses the Net.
14:06 of 2nd period - Shot by Jason Robertson.
14:06 of 2nd period - Shot Misses the Net.
14:08 of 2nd period - Shot by Victor Hedman.
14:08 of 2nd period - Shot Misses the Net.
14:10 of 2nd period - Shot by Roope Hintz.
14:10 of 2nd period - Stopped by Thatcher Demko with a rebound.
14:28 of 2nd period - Shot by Austin Watson.
14:28 of 2nd period - Stopped by Igor Shesterkin without a rebound.
14:29 of 2nd period - Dylan Larkin wins face-off versus Drake Batherson in Shitbirds zone.
14:29 of 2nd period - Dylan Larkin is hit by John Tavares.
15:01 of 2nd period - Shot by Kirill Kaprizov.
15:01 of 2nd period - Deflect By Troy Terry.
15:01 of 2nd period - Shot Misses the Net.
15:03 of 2nd period - Shot by Troy Terry.
15:03 of 2nd period - Stopped by Thatcher Demko without a rebound.
15:04 of 2nd period - Roope Hintz wins face-off versus Dillon Dube in Mongoloids zone.
15:04 of 2nd period - Roope Hintz is hit by Markus Niemelainen.
15:08 of 2nd period - Shot by Roope Hintz.
15:08 of 2nd period - Deflect By Matthew Boldy.
15:08 of 2nd period - Stopped by Thatcher Demko without a rebound.
15:09 of 2nd period - Mason McTavish wins face-off versus Roope Hintz in Mongoloids zone.
15:09 of 2nd period - Mason McTavish is hit by Jason Robertson.
16:12 of 2nd period - Off-side.
16:13 of 2nd period - John Tavares wins face-off versus Dylan Larkin in neutral zone.
16:16 of 2nd period - Shot by Drake Batherson.
16:16 of 2nd period - Stopped by Igor Shesterkin with a rebound.
16:28 of 2nd period - Shot by Vladislav Gavrikov.
16:28 of 2nd period - Deflect By Kirill Kaprizov.
16:28 of 2nd period - Stopped by Thatcher Demko without a rebound.
16:29 of 2nd period - Evgeni Malkin wins face-off versus Logan Couture in Mongoloids zone.
16:43 of 2nd period - Evgeni Malkin is hit by Charlie McAvoy.
16:50 of 2nd period - Logan Couture is hit by Evgeni Malkin and loses puck.
16:56 of 2nd period - Charlie McAvoy is hit by Michael Matheson.
17:19 of 2nd period - Icing by Hampus Lindholm.
17:20 of 2nd period - Kirill Kaprizov wins face-off versus John Tavares in Shitbirds zone.
17:35 of 2nd period - Shot by Kirill Kaprizov.
17:35 of 2nd period - Stopped by Thatcher Demko without a rebound.
17:36 of 2nd period - Roope Hintz wins face-off versus Mason McTavish in Mongoloids zone.
17:54 of 2nd period - Minor Penalty to Buck Phucksalot for Goalie Interference.
17:55 of 2nd period - Kirill Kaprizov wins face-off versus John Tavares in Shitbirds zone.
18:36 of 2nd period - Shot by Jonathan Marchessault.
18:36 of 2nd period - Shot Misses the Net.
18:38 of 2nd period - Shot by John Tavares.
18:38 of 2nd period - Stopped by Igor Shesterkin without a rebound.
18:39 of 2nd period - Mason McTavish wins face-off versus Kirill Kaprizov in Shitbirds zone.
18:50 of 2nd period - Shot by Rasmus Andersson.
18:50 of 2nd period - Stopped by Igor Shesterkin without a rebound.
18:51 of 2nd period - Kirill Kaprizov wins face-off versus Mason McTavish in Shitbirds zone.
19:12 of 2nd period - Shot by Mason McTavish.
19:12 of 2nd period - Stopped by Igor Shesterkin with a rebound.
19:14 of 2nd period - Shot by Andreas Englund.
19:14 of 2nd period - Shot Misses the Net.
19:16 of 2nd period - Shot by David Perron.
19:16 of 2nd period - Shot Misses the Net.
19:18 of 2nd period - Shot by Andreas Englund.
19:18 of 2nd period - Shot Blocked by Vladislav Gavrikov.
19:20 of 2nd period - Shot by Andreas Englund.
19:20 of 2nd period - Stopped by Igor Shesterkin without a rebound.
19:21 of 2nd period - John Tavares wins face-off versus Dylan Larkin in Shitbirds zone.
19:32 of 2nd period - Shot by Michael Matheson.
19:32 of 2nd period - Stopped by Igor Shesterkin with a rebound.
19:34 of 2nd period - Shot by Ryan Lindgren.
19:34 of 2nd period - Stopped by Igor Shesterkin without a rebound.
19:35 of 2nd period - John Tavares wins face-off versus Kirill Kaprizov in Shitbirds zone.
19:42 of 2nd period - Shot by Drake Batherson.
19:42 of 2nd period - Shot Misses the Net.
19:54 of 2nd period - Shot by Dylan Larkin.
19:54 of 2nd period - Shot Blocked by Markus Niemelainen.
Goals for this period are 1 for Shitbirds vs 0 for Mongoloids.
Shots for this period are 11 for Shitbirds vs 12 for Mongoloids.

3rd period


0:01 of 3rd period - Evgeni Malkin wins face-off versus Dylan Larkin in neutral zone.
0:24 of 3rd period - Shot by Evgeni Malkin.
0:24 of 3rd period - Shot Misses the Net.
1:41 of 3rd period - Shot by Logan Couture.
1:41 of 3rd period - Shot Misses the Net.
2:02 of 3rd period - Shot by Evgeni Malkin.
2:02 of 3rd period - Goal by Evgeni Malkin - Shitbirds : 4 - Mongoloids : 4.
2:03 of 3rd period - John Tavares wins face-off versus Roope Hintz in neutral zone.
2:18 of 3rd period - Shot by Matthew Boldy.
2:18 of 3rd period - Stopped by Thatcher Demko with a rebound.
3:17 of 3rd period - Shot by Dillon Dube.
3:17 of 3rd period - Shot Blocked by Buck Phucksalot.
3:48 of 3rd period - Shot by Logan Couture.
3:48 of 3rd period - Stopped by Thatcher Demko with a rebound.
3:56 of 3rd period - Shot by Oliver Bjorkstrand.
3:56 of 3rd period - Stopped by Thatcher Demko without a rebound.
3:57 of 3rd period - Mason McTavish wins face-off versus Roope Hintz in Mongoloids zone.
4:10 of 3rd period - Shot by Mason McTavish.
4:10 of 3rd period - Shot Blocked by Jason Robertson.
4:23 of 3rd period - Jason Robertson is hit by Rasmus Andersson.
4:26 of 3rd period - Minor Penalty to Andreas Englund for Tripping.
4:27 of 3rd period - John Tavares wins face-off versus Dylan Larkin in Mongoloids zone.
4:38 of 3rd period - Shot by Troy Terry.
4:38 of 3rd period - Stopped by Thatcher Demko without a rebound.
4:39 of 3rd period - John Tavares wins face-off versus Troy Terry in Mongoloids zone.
4:39 of 3rd period - John Tavares is hit by Dylan Larkin.
4:59 of 3rd period - Shot by Victor Hedman.
4:59 of 3rd period - Stopped by Thatcher Demko without a rebound.
5:00 of 3rd period - Roope Hintz wins face-off versus John Tavares in Mongoloids zone.
5:17 of 3rd period - Shot by Charlie McAvoy.
5:17 of 3rd period - Shot Blocked by Adam Boqvist.
5:28 of 3rd period - Icing by Jason Robertson.
5:29 of 3rd period - Roope Hintz wins face-off versus Jonathan Marchessault in Shitbirds zone.
6:10 of 3rd period - Off-side.
6:11 of 3rd period - John Tavares wins face-off versus Dylan Larkin in neutral zone.
6:19 of 3rd period - Off-side.
6:20 of 3rd period - John Tavares wins face-off versus Troy Terry in neutral zone.
6:40 of 3rd period - Shot by Victor Hedman.
6:40 of 3rd period - Stopped by Thatcher Demko without a rebound.
6:41 of 3rd period - John Tavares wins face-off versus Dylan Larkin in Mongoloids zone.
6:52 of 3rd period - Shot by Rasmus Andersson.
6:52 of 3rd period - Shot Blocked by Vladislav Gavrikov.
6:54 of 3rd period - Shot by Drake Batherson.
6:54 of 3rd period - Stopped by Igor Shesterkin without a rebound.
6:55 of 3rd period - Mason McTavish wins face-off versus Oliver Bjorkstrand in Shitbirds zone.
7:04 of 3rd period - Shot by Oliver Bjorkstrand.
7:04 of 3rd period - Stopped by Thatcher Demko without a rebound.
7:05 of 3rd period - Dylan Larkin wins face-off versus John Tavares in Mongoloids zone.
7:06 of 3rd period - Shot by Troy Terry.
7:06 of 3rd period - Stopped by Thatcher Demko without a rebound.
7:07 of 3rd period - John Tavares wins face-off versus Dylan Larkin in Mongoloids zone.
7:09 of 3rd period - Icing by Jonathan Marchessault.
7:10 of 3rd period - Dylan Larkin wins face-off versus Jonathan Marchessault in Mongoloids zone.
7:20 of 3rd period - Icing by Adam Boqvist.
7:21 of 3rd period - Logan Couture wins face-off versus Drake Batherson in Mongoloids zone.
8:18 of 3rd period - Mason McTavish is hit by Seth Jarvis and loses puck.
8:46 of 3rd period - Shot by Rasmus Andersson.
8:46 of 3rd period - Stopped by Igor Shesterkin with a rebound.
9:03 of 3rd period - Shot by Evgeni Malkin.
9:03 of 3rd period - Shot Misses the Net.
9:05 of 3rd period - Shot by Ryan Lindgren.
9:05 of 3rd period - Shot Misses the Net.
9:48 of 3rd period - Shot by Michael Matheson.
9:48 of 3rd period - Shot Blocked by Kaiden Guhle.
10:19 of 3rd period - Shot by Mason McTavish.
10:19 of 3rd period - Deflect By David Perron.
10:19 of 3rd period - Shot Misses the Net.
11:33 of 3rd period - Shot by Logan Couture.
11:33 of 3rd period - Shot Misses the Net.
11:45 of 3rd period - Shot by Drake Batherson.
11:45 of 3rd period - Stopped by Igor Shesterkin without a rebound.
11:46 of 3rd period - Dylan Larkin wins face-off versus Mason McTavish in Shitbirds zone.
11:55 of 3rd period - Shot by Dylan Larkin.
11:55 of 3rd period - Stopped by Thatcher Demko without a rebound.
11:56 of 3rd period - Evgeni Malkin wins face-off versus Dylan Larkin in Mongoloids zone.
12:40 of 3rd period - Hampus Lindholm is hit by Mason Marchment and loses puck.
14:20 of 3rd period - Icing by Kaiden Guhle.
14:21 of 3rd period - Matthew Boldy wins face-off versus Ondrej Palat in Shitbirds zone.
14:38 of 3rd period - Shot by Drake Batherson.
14:38 of 3rd period - Stopped by Igor Shesterkin with a rebound.
14:40 of 3rd period - Shot by Ryan Lindgren.
14:40 of 3rd period - Shot Misses the Net.
14:42 of 3rd period - Shot by Markus Niemelainen.
14:42 of 3rd period - Stopped by Igor Shesterkin without a rebound.
14:43 of 3rd period - Mason McTavish wins face-off versus Dylan Larkin in Shitbirds zone.
15:10 of 3rd period - Shot by David Perron.
15:10 of 3rd period - Deflect By Mason McTavish.
15:10 of 3rd period - Stopped by Igor Shesterkin without a rebound.
15:11 of 3rd period - Logan Couture wins face-off versus Dillon Dube in Shitbirds zone.
15:24 of 3rd period - Shot by Oliver Bjorkstrand.
15:24 of 3rd period - Stopped by Thatcher Demko with a rebound.
15:26 of 3rd period - Shot by Logan Couture.
15:26 of 3rd period - Shot Misses the Net.
16:06 of 3rd period - Icing by Vladislav Gavrikov.
16:07 of 3rd period - John Tavares wins face-off versus Dylan Larkin in Shitbirds zone.
16:40 of 3rd period - Shot by John Tavares.
16:40 of 3rd period - Stopped by Igor Shesterkin without a rebound.
16:41 of 3rd period - Mason McTavish wins face-off versus Jason Robertson in Shitbirds zone.
17:11 of 3rd period - Minor Penalty to Mason McTavish for High sticking.
17:12 of 3rd period - Dylan Larkin wins face-off versus John Tavares in Mongoloids zone.
17:12 of 3rd period - Troy Terry is hit by Andreas Englund and loses puck.
17:23 of 3rd period - Shot by Kirill Kaprizov.
17:23 of 3rd period - Stopped by Thatcher Demko with a rebound.
17:25 of 3rd period - Shot by Charlie McAvoy.
17:25 of 3rd period - Stopped by Thatcher Demko without a rebound.
17:26 of 3rd period - Roope Hintz wins face-off versus John Tavares in Mongoloids zone.
18:15 of 3rd period - Shot by Charlie McAvoy.
18:15 of 3rd period - Stopped by Thatcher Demko without a rebound.
18:16 of 3rd period - John Tavares wins face-off versus Kirill Kaprizov in Mongoloids zone.
Goals for this period are 0 for Shitbirds vs 1 for Mongoloids.
Shots for this period are 13 for Shitbirds vs 8 for Mongoloids.

Overtime #1


0:01 of 1st overtime period - John Tavares wins face-off versus Kirill Kaprizov in neutral zone.
0:06 of 1st overtime period - Shot by John Tavares.
0:06 of 1st overtime period - Shot Misses the Net.
0:16 of 1st overtime period - Shot by Kirill Kaprizov.
0:16 of 1st overtime period - Shot Misses the Net.
0:26 of 1st overtime period - Shot by Drake Batherson.
0:26 of 1st overtime period - Shot Misses the Net.
0:28 of 1st overtime period - Shot by John Tavares.
0:28 of 1st overtime period - Shot Misses the Net.
0:40 of 1st overtime period - Shot by Drake Batherson.
0:40 of 1st overtime period - Stopped by Igor Shesterkin without a rebound.
0:41 of 1st overtime period - Jonathan Marchessault wins face-off versus Dylan Larkin in Shitbirds zone.
0:58 of 1st overtime period - Shot by Jonathan Marchessault.
0:58 of 1st overtime period - Shot Misses the Net.
1:00 of 1st overtime period - Shot by Markus Niemelainen.
1:00 of 1st overtime period - Shot Misses the Net.
1:06 of 1st overtime period - Shot by Jonathan Marchessault.
1:06 of 1st overtime period - Stopped by Igor Shesterkin without a rebound.
1:07 of 1st overtime period - John Tavares wins face-off versus Kirill Kaprizov in Shitbirds zone.
1:20 of 1st overtime period - Shot by Jason Robertson.
1:20 of 1st overtime period - Stopped by Thatcher Demko without a rebound.
1:21 of 1st overtime period - John Tavares wins face-off versus Kirill Kaprizov in Mongoloids zone.
1:49 of 1st overtime period - Shot by Jason Robertson.
1:49 of 1st overtime period - Shot Misses the Net.
2:11 of 1st overtime period - Shot by Dylan Larkin.
2:11 of 1st overtime period - Stopped by Thatcher Demko with a rebound.
2:27 of 1st overtime period - Shot by Jonathan Marchessault.
2:27 of 1st overtime period - Shot Misses the Net.
2:36 of 1st overtime period - Off-side.
2:37 of 1st overtime period - Mason McTavish wins face-off versus Kirill Kaprizov in neutral zone.
2:48 of 1st overtime period - Shot by Austin Watson.
2:48 of 1st overtime period - Shot Misses the Net.
3:03 of 1st overtime period - Icing by Rasmus Andersson.
3:04 of 1st overtime period - Dylan Larkin wins face-off versus Mason McTavish in Mongoloids zone.
3:07 of 1st overtime period - Shot by Jason Robertson.
3:07 of 1st overtime period - Stopped by Thatcher Demko without a rebound.
3:08 of 1st overtime period - John Tavares wins face-off versus Dylan Larkin in Mongoloids zone.
3:29 of 1st overtime period - Shot by Drake Batherson.
3:29 of 1st overtime period - Stopped by Igor Shesterkin with a rebound.
3:37 of 1st overtime period - Shot by John Tavares.
3:37 of 1st overtime period - Shot Misses the Net.
4:17 of 1st overtime period - Shot by Roope Hintz.
4:17 of 1st overtime period - Shot Blocked by Markus Niemelainen.
4:23 of 1st overtime period - Shot by David Perron.
4:23 of 1st overtime period - Stopped by Igor Shesterkin without a rebound.
4:24 of 1st overtime period - Roope Hintz wins face-off versus Jonathan Marchessault in Shitbirds zone.
4:35 of 1st overtime period - Shot by Kirill Kaprizov.
4:35 of 1st overtime period - Shot Blocked by Markus Niemelainen.
4:45 of 1st overtime period - Shot by Kirill Kaprizov.
4:45 of 1st overtime period - Stopped by Thatcher Demko without a rebound.
4:46 of 1st overtime period - Troy Terry wins face-off versus Jonathan Marchessault in Mongoloids zone.
Goals for this period are 0 for Shitbirds vs 0 for Mongoloids.
Shots for this period are 4 for Shitbirds vs 4 for Mongoloids.

ShootOut


5:00 of 1st overtime period - Round #1.
5:00 of 1st overtime period - Shitbirds, Kirill Kaprizov.
5:00 of 1st overtime period - Goal by Kirill Kaprizov.
5:00 of 1st overtime period - Mongoloids, John Tavares.
5:00 of 1st overtime period - Goal by John Tavares.
5:00 of 1st overtime period - Round #2.
5:00 of 1st overtime period - Shitbirds, Jason Robertson.
5:00 of 1st overtime period - Goal by Jason Robertson.
5:00 of 1st overtime period - Mongoloids, Drake Batherson.
5:00 of 1st overtime period - Stopped by Igor Shesterkin.
5:00 of 1st overtime period - Round #3.
5:00 of 1st overtime period - Shitbirds, Dylan Larkin.
5:00 of 1st overtime period - Goal by Dylan Larkin.